| TOP OF THE 1ST |
|
Denver Bears batting - Pitching for Iowa Oaks : LHP Jim Deshaies
|
|
Pitching: LHP Jim Deshaies
|
|
|
Batting: RHB Adolfo Feliz
|
0-0: Swinging Strike 0-1: Ball 1-1: Ball 2-1: Fly out, F8 (Flyball, 89D, EV 93.8 MPH)
|
|
Batting: SHB Mark Gilbert
|
0-0: Called Strike 0-1: Fly out, F7 (Flyball, 7D, EV 100.0 MPH)
|
|
Batting: RHB George A Bell
|
0-0: Ball 1-0: Ball 2-0: Ball 3-0: Called Strike 3-1: Called Strike 3-2: SINGLE (Groundball, 56D, EV 93.8 MPH)
|
|
Batting: LHB Danny Heep
|
0-0: Swinging Strike George A Bell steals 2nd base 0-1: Foul Ball, location: 2F 0-2: Ball 1-2: Ball 2-2: Ball 3-2: Foul Ball, location: 2F 3-2: SINGLE (Groundball, 34D, EV 103.1 MPH) George A Bell to third George A Bell scores
|
|
Batting: RHB Juan Alvarez
|
0-0: Fly out, F8 (Flyball, 8RD, EV 105.0 MPH)
|
| Top of the 1st over - 1 run, 2 hits, 0 errors, 1 left on base; Denver 1 - Iowa 0 |
| BOTTOM OF THE 1ST |
|
Iowa Oaks batting - Pitching for Denver Bears : RHP Curt Heidenreich
|
|
Pitching: RHP Curt Heidenreich
|
|
|
Batting: LHB Gary Jones
|
0-0: Ground out 4-3 (Groundball, 4, EV 82.5 MPH)
|
|
Batting: RHB Edgar Flores
|
0-0: Swinging Strike 0-1: Foul Ball, location: 2F 0-2: Foul Ball, location: 2F 0-2: Ground out 6-3 (Groundball, 6, EV 82.5 MPH)
|
|
Batting: LHB Ronald Little
|
0-0: Called Strike 0-1: Fly out, F8 (Flyball, 8LXD, EV 96.3 MPH)
|
| Bottom of the 1st over - 0 runs, 0 hits, 0 errors, 0 left on base; Denver 1 - Iowa 0 |
| TOP OF THE 2ND |
|
Denver Bears batting - Pitching for Iowa Oaks : LHP Jim Deshaies
|
|
Batting: LHB Larry Donofrio
|
0-0: Ball 1-0: Ball 2-0: Ball 3-0: Called Strike 3-1: Swinging Strike 3-2: Foul Ball, location: 2F 3-2: Strikes out looking
|
|
Batting: RHB Gomez Barahona
|
0-0: Ball 1-0: Ball 2-0: Swinging Strike 2-1: SINGLE (Groundball, 56D, EV 101.3 MPH)
|
|
Batting: LHB Jesus Figueroa
|
0-0: Called Strike 0-1: Ball 1-1: Ball 2-1: Ball 3-1: Fly out, F4 (Line Drive, 4, EV 71.3 MPH)
|
|
Batting: RHB Juan Castro
|
0-0: Foul Ball, location: 2F 0-1: Ball Gomez Barahona steals 2nd base 1-1: Foul Ball, location: 2F 1-2: Foul Ball, location: 2F 1-2: Foul Ball, location: 2F 1-2: Fly out, F8 (Flyball, 8RS, EV 86.3 MPH)
|
| Top of the 2nd over - 0 runs, 1 hit, 0 errors, 1 left on base; Denver 1 - Iowa 0 |
| BOTTOM OF THE 2ND |
|
Iowa Oaks batting - Pitching for Denver Bears : RHP Curt Heidenreich
|
|
Batting: SHB Mike Turgeon
|
0-0: Called Strike 0-1: Ball 1-1: Foul Ball, location: 2F 1-2: Ball 2-2: Ball 3-2: Ground out 5-3 (Groundball, 56S, EV 89.4 MPH)
|
|
Batting: RHB Dave F Schmidt
|
0-0: Swinging Strike 0-1: Ball 1-1: Swinging Strike 1-2: Strikes out looking
|
|
Batting: SHB Rod Craig
|
0-0: Ball 1-0: Foul Ball, location: 2F 1-1: Called Strike 1-2: SOLO HOME RUN (Flyball, 8LXD, EV 108.8 MPH), Distance : 432 ft
|
|
Batting: RHB Mark Benson
|
0-0: Called Strike 0-1: Ball 1-1: Foul Ball, location: 2F 1-2: Strikes out swinging
|
| Bottom of the 2nd over - 1 run, 1 hit, 0 errors, 0 left on base; Denver 1 - Iowa 1 |
| TOP OF THE 3RD |
|
Denver Bears batting - Pitching for Iowa Oaks : LHP Jim Deshaies
|
|
Batting: RHB Adolfo Feliz
|
0-0: Ball 1-0: Ground out 6-3 (Groundball, 6, EV 88.8 MPH)
|
|
Batting: SHB Mark Gilbert
|
0-0: Ground out 6-3 (Groundball, 6, EV 87.5 MPH)
|
|
Batting: RHB George A Bell
|
0-0: Called Strike 0-1: Ball 1-1: Ball 2-1: Foul Ball, location: 2F 2-2: Strikes out swinging
|
| Top of the 3rd over - 0 runs, 0 hits, 0 errors, 0 left on base; Denver 1 - Iowa 1 |
| BOTTOM OF THE 3RD |
|
Iowa Oaks batting - Pitching for Denver Bears : RHP Curt Heidenreich
|
|
Batting: RHB Jordan Arredondo
|
0-0: Called Strike 0-1: Ball 1-1: Fly out, F8 (Flyball, 8LS, EV 89.4 MPH)
|
|
Batting: LHB Wayne Krenchicki
|
0-0: Ground out 4-3 (Groundball, 4, EV 88.8 MPH)
|
|
Batting: LHB Gary Jones
|
0-0: Called Strike 0-1: Foul Ball, location: 2F 0-2: Foul Ball, location: 2F 0-2: Ball 1-2: Ball 2-2: Ball 3-2: Strikes out swinging
|
| Bottom of the 3rd over - 0 runs, 0 hits, 0 errors, 0 left on base; Denver 1 - Iowa 1 |
| TOP OF THE 4TH |
|
Denver Bears batting - Pitching for Iowa Oaks : LHP Jim Deshaies
|
|
Batting: LHB Danny Heep
|
0-0: Ball 1-0: Called Strike 1-1: Swinging Strike 1-2: DOUBLE (Line Drive, 7LM, EV 91.9 MPH)
|
|
Batting: RHB Juan Alvarez
|
0-0: Fly out, F9 (Line Drive, 9, EV 102.5 MPH)
|
|
Batting: LHB Larry Donofrio
|
0-0: Called Strike 0-1: Swinging Strike 0-2: Foul Ball, location: 2F 0-2: Foul Ball, location: 2F 0-2: Ball 1-2: Ball 2-2: Foul Ball, location: 2F 2-2: Strikes out swinging
|
|
Batting: RHB Gomez Barahona
|
0-0: Called Strike 0-1: Foul Ball, location: 2F 0-2: Fly out, F5 (Line Drive, 5, EV 67.5 MPH)
|
| Top of the 4th over - 0 runs, 1 hit, 0 errors, 1 left on base; Denver 1 - Iowa 1 |
| BOTTOM OF THE 4TH |
|
Iowa Oaks batting - Pitching for Denver Bears : RHP Curt Heidenreich
|
|
Batting: RHB Edgar Flores
|
0-0: Called Strike 0-1: Ball 1-1: Foul Ball, location: 2F 1-2: Ball 2-2: Fly out, F4 (Flyball, 34D, EV 76.3 MPH)
|
|
Batting: LHB Ronald Little
|
0-0: Foul Ball, location: 2F 0-1: Called Strike 0-2: Ball 1-2: Ball 2-2: SINGLE (Line Drive, 5D, EV 96.9 MPH)
|
|
Batting: SHB Mike Turgeon
|
0-0: Ball 1-0: Called Strike Ronald Little steals 2nd base 1-1: Called Strike 1-2: Foul Ball, location: 2F 1-2: Foul Ball, location: 2F 1-2: Ground out U3 (Groundball, 3, EV 84.4 MPH) Ronald Little to third
|
|
Batting: RHB Dave F Schmidt
|
0-0: Ball 1-0: SINGLE (Line Drive, 8LS, EV 93.1 MPH) Ronald Little scores
|
|
Batting: SHB Rod Craig
|
0-0: Called Strike 0-1: Called Strike Dave F Schmidt steals 2nd base 0-2: SINGLE (Line Drive, 78S, EV 87.5 MPH) Dave F Schmidt to third Runner from 3rd tries for Home, throw by CF and OUT! 8-2
|
| Bottom of the 4th over - 1 run, 3 hits, 0 errors, 1 left on base; Denver 1 - Iowa 2 |
| TOP OF THE 5TH |
|
Denver Bears batting - Pitching for Iowa Oaks : LHP Jim Deshaies
|
|
Batting: LHB Jesus Figueroa
|
0-0: Ground out U3 (Groundball, 3, EV 93.1 MPH)
|
|
Batting: RHB Juan Castro
|
0-0: Ball 1-0: Foul Ball, location: 2F 1-1: Fly out, F8 (Flyball, 8RS, EV 81.9 MPH)
|
|
Batting: RHB Adolfo Feliz
|
0-0: Ball 1-0: Ground out 5-3 (Groundball, 5, EV 78.1 MPH)
|
| Top of the 5th over - 0 runs, 0 hits, 0 errors, 0 left on base; Denver 1 - Iowa 2 |
| BOTTOM OF THE 5TH |
|
Iowa Oaks batting - Pitching for Denver Bears : RHP Curt Heidenreich
|
|
Batting: RHB Mark Benson
|
0-0: Called Strike 0-1: Foul Ball, location: 2F 0-2: Ball 1-2: Ball 2-2: Fly out, F9 (Flyball, 9, EV 86.3 MPH)
|
|
Batting: RHB Jordan Arredondo
|
0-0: DOUBLE (Flyball, 78XD, EV 102.5 MPH)
|
|
Batting: LHB Wayne Krenchicki
|
0-0: Ball 1-0: DOUBLE (Line Drive, 9LS, EV 112.5 MPH) Jordan Arredondo scores
|
|
Batting: LHB Gary Jones
|
0-0: Ball 1-0: Swinging Strike 1-1: Called Strike 1-2: Ball 2-2: Foul Ball, location: 2F 2-2: Strikes out looking
|
|
Batting: RHB Edgar Flores
|
0-0: Foul Ball, location: 2F 0-1: Foul Ball, location: 2F 0-2: Foul Ball, location: 2F 0-2: Fly out, F9 (Flyball, 89D, EV 106.3 MPH)
|
| Bottom of the 5th over - 1 run, 2 hits, 0 errors, 1 left on base; Denver 1 - Iowa 3 |
| TOP OF THE 6TH |
|
Denver Bears batting - Pitching for Iowa Oaks : LHP Jim Deshaies
|
|
Batting: SHB Mark Gilbert
|
0-0: Fly out, F6 (Line Drive, 6, EV 64.4 MPH)
|
|
Batting: RHB George A Bell
|
0-0: Called Strike 0-1: Ball 1-1: Foul Ball, location: 2F 1-2: Fly out, F8 (Flyball, 78M, EV 84.4 MPH)
|
|
Batting: LHB Danny Heep
|
0-0: Ball 1-0: Ball 2-0: Ball 3-0: Called Strike 3-1: Called Strike 3-2: SINGLE (Groundball, 6S, EV 71.3 MPH) (infield hit)
|
|
Batting: RHB Juan Alvarez
|
0-0: Fly out, F8 (Flyball, 8RD, EV 91.3 MPH)
|
| Top of the 6th over - 0 runs, 1 hit, 0 errors, 1 left on base; Denver 1 - Iowa 3 |
| BOTTOM OF THE 6TH |
|
Iowa Oaks batting - Pitching for Denver Bears : RHP Curt Heidenreich
|
|
Batting: LHB Ronald Little
|
0-0: Foul Ball, location: 2F 0-1: Ball 1-1: Ball 2-1: Foul Ball, location: 2F 2-2: Ball 3-2: Foul Ball, location: 2F 3-2: Foul Ball, location: 2F 3-2: Base on Balls
|
|
Batting: SHB Mike Turgeon
|
0-0: SINGLE (Line Drive, 8RS, EV 113.1 MPH) Ronald Little to second
|
|
Batting: RHB Dave F Schmidt
|
0-0: Ball 1-0: Called Strike 1-1: Ball 2-1: Fly out, F5 (Popup, 5SF, EV 76.3 MPH)
|
|
Batting: SHB Rod Craig
|
0-0: Ball 1-0: Foul Ball, location: 2F 1-1: Called Strike 1-2: Fly out, F7 (Flyball, 7LM, EV 100.0 MPH) Runner from 2nd tags up, SAFE at 3rd with throw by LF
|
|
Batting: RHB Mark Benson
|
0-0: Called Strike Mike Turgeon is caught stealing 2nd base 2-4
|
| Bottom of the 6th over - 0 runs, 1 hit, 0 errors, 1 left on base; Denver 1 - Iowa 3 |
| TOP OF THE 7TH |
|
Denver Bears batting - Pitching for Iowa Oaks : LHP Jim Deshaies
|
|
Batting: LHB Larry Donofrio
|
0-0: Swinging Strike 0-1: Swinging Strike 0-2: Ball 1-2: Strikes out swinging
|
|
Batting: RHB Gomez Barahona
|
0-0: Called Strike 0-1: Ground out 5-3 (Groundball, 56S, EV 71.9 MPH)
|
|
Batting: LHB Jesus Figueroa
|
0-0: Fly out, F6 (Flyball, 56D, EV 91.3 MPH)
|
| Top of the 7th over - 0 runs, 0 hits, 0 errors, 0 left on base; Denver 1 - Iowa 3 |
| BOTTOM OF THE 7TH |
|
Iowa Oaks batting - Pitching for Denver Bears : RHP Curt Heidenreich
|
|
Batting: RHB Mark Benson
|
0-0: Ball 1-0: Ball 2-0: SINGLE (Line Drive, 89S, EV 101.9 MPH)
|
|
Batting: RHB Jordan Arredondo
|
0-0: Called Strike 0-1: Ball 1-1: Ball 2-1: Ball 3-1: Swinging Strike 3-2: Base on Balls Mark Benson to second
|
|
Batting: LHB Wayne Krenchicki
|
0-0: Fielders Choice at 2nd, 6-4 (Groundball, 6, EV 109.4 MPH) Mark Benson to third
|
|
Batting: LHB Gary Jones
|
0-0: Called Strike 0-1: Called Strike 0-2: Ball 1-2: Fly out, F7 (Flyball, 7LD, EV 93.8 MPH) Runner from 3rd tags up, SCORES, no throw by LF
|
|
Batting: RHB Edgar Flores
|
0-0: Called Strike 0-1: Called Strike 0-2: Ball 1-2: Fly out, F4 (Flyball, 34D, EV 81.3 MPH)
|
| Bottom of the 7th over - 1 run, 1 hit, 0 errors, 1 left on base; Denver 1 - Iowa 4 |
| TOP OF THE 8TH |
|
Denver Bears batting - Pitching for Iowa Oaks : LHP Jim Deshaies
|
|
Batting: RHB Juan Castro
|
0-0: Foul Ball, location: 2F 0-1: Fly out, F8 (Flyball, 8RM, EV 84.4 MPH)
|
|
Batting: RHB Adolfo Feliz
|
0-0: Ball 1-0: Ball 2-0: Ball 3-0: Called Strike 3-1: Swinging Strike 3-2: Base on Balls
|
|
Batting: SHB Mark Gilbert
|
0-0: Called Strike 0-1: Ball 1-1: Called Strike 1-2: Strikes out swinging
|
|
Batting: RHB George A Bell
|
0-0: Swinging Strike 0-1: Called Strike 0-2: DOUBLE (Line Drive, 9LS, EV 103.8 MPH) Adolfo Feliz to third Runner from 3rd tries for Home, throw by RF and OUT! 9-4-2
|
| Top of the 8th over - 0 runs, 1 hit, 0 errors, 1 left on base; Denver 1 - Iowa 4 |
| BOTTOM OF THE 8TH |
|
Iowa Oaks batting - Pitching for Denver Bears : RHP Curt Heidenreich
|
|
Batting: LHB Ronald Little
|
0-0: Called Strike 0-1: SOLO HOME RUN (Flyball, 89XD, EV 105.0 MPH), Distance : 393 ft
|
|
Pitching: RHP Eric Show
|
|
|
Batting: SHB Mike Turgeon
|
0-0: Swinging Strike 0-1: Called Strike 0-2: Ball 1-2: Fly out, F3 (Popup, 3, EV 66.3 MPH)
|
|
Batting: RHB Dave F Schmidt
|
0-0: Fly out, F8 (Line Drive, 8RD, EV 89.4 MPH)
|
|
Batting: SHB Rod Craig
|
0-0: Ball 1-0: Ground out 5-3 (Groundball, 56, EV 86.9 MPH)
|
| Bottom of the 8th over - 1 run, 1 hit, 0 errors, 0 left on base; Denver 1 - Iowa 5 |
| TOP OF THE 9TH |
|
Denver Bears batting - Pitching for Iowa Oaks : LHP Jim Deshaies
|
|
Batting: LHB Danny Heep
|
0-0: Ball 1-0: SINGLE (Groundball, 4M, EV 95.0 MPH) (infield hit)
|
|
Batting: RHB Juan Alvarez
|
0-0: Grounds into double play, 6-4-3 (Groundball, 6S, EV 91.3 MPH)
|
|
Batting: LHB Larry Donofrio
|
0-0: Called Strike 0-1: Ball 1-1: Foul Ball, location: 2F 1-2: Ball 2-2: Strikes out swinging
|
| Top of the 9th over - 0 runs, 1 hit, 0 errors, 0 left on base; Denver 1 - Iowa 5 |
|